 Dungeon Crawl Stone Soup version 0.17-a0-1481-gfdcec5c (webtiles) character file.

154 mrath the Shooter (level 5, -6/41 HPs)
             Began as a Centaur Hunter on July 4, 2015.
             Killed by nerve-wracking pain
             ... invoked by an orc priest
              (11 damage)
             ... on level 3 of the Dungeon.
             The game lasted 00:33:59 (2430 turns).

mrath the Shooter (Centaur Hunter)                  Turns: 2430, Time: 00:33:59

Health: -6/41      AC: 12    Str: 15    XL:     5   Next: 13%
Magic:  6/6        EV:  2    Int: 10    God:
Gold:   80         SH:  0    Dex: 10    Spells: 0 memorised, 5 levels left

rFire  . . .     SeeInvis .     c - +0 short sword
rCold  . . .     Clarity  .     h - +1 plate armour
rNeg   . . .     SustAt   .     (no shield)
rPois  .         Gourm    .     (no helmet)
rElec  .         Spirit   .     (no cloak)
rCorr  .         Warding  .     (no gloves)
rMut   .         Stasis   .     (no barding)
MR     .....                    (no amulet)
Stlth  ..........               (no ring)
                                n - +3 ring of protection

@: very quick, not resistant to hostile enchantments, extremely unstealthy
A: hooves 3, deformed body, speed 2, tough skin 3
a: no special abilities


You were on level 3 of the Dungeon.
You were not hungry.

You visited 1 branch of the dungeon, and saw 3 of its levels.

You collected 80 gold pieces.

Inventory:

Hand weapons
 a - a +3 shortbow
 c - a +0 short sword (weapon)
 q - a +0 mace
 w - a +0 hunting sling
Missiles
 g - 64 stones (quivered)
 j - 11 poisoned needles
Armour
 h - a +1 plate armour (worn)
 o - a +0 mottled dragon armour
Jewellery
 d - an uncursed ring of fire {unknown}
 n - a +3 ring of protection (left hand)
Scrolls
 k - a scroll of teleportation
 p - a scroll of enchant weapon
Potions
 r - 2 potions of lignification
 s - 2 potions of cancellation
 u - a potion of degeneration {unknown}
 x - a potion of curing {unknown}
 z - a potion of brilliance {unknown}
 A - a potion of resistance {unknown}
Books
 y - a Necronomicon

   Spells                             Type                      Level
   a - Haunt                          Necromancy/Summoning         7
   b - Borgnjor's Revivification      Necromancy                   8
   c - Death's Door                   Charms/Necromancy            8
   d - Necromutation                  Transmutation/Necromancy     8
Comestibles
 e - 3 bread rations
 f - 5 chunks of flesh
 i - 2 beef jerkies
 l - 6 fruits


   Skills:
 + Level 2.2 Fighting
 + Level 0.8 Short Blades
 + Level 7.5 Bows
 + Level 0.7 Armour
 + Level 1.6 Dodging
 + Level 0.6 Stealth
 * Level 0.8 Spellcasting


You had 5 spell levels left.
You didn't know any spells.

Dungeon Overview and Level Annotations

Branches:
Dungeon (3/15)

Altars:
Ashenzari
Dithmenos
Vehumet
The Shining One


Innate Abilities, Weirdness & Mutations

You have hooves in place of feet.
Armour fits poorly on your strangely shaped body.
You cover ground very quickly.
You have extremely tough skin (AC +3).


Message History

The orc priest hits you with a flail.
You closely miss the orc priest.
The orc priest is heavily wounded.
The orc priest hits you but does no damage.
You hit the orc priest but do no damage.
The orc priest is heavily wounded.
The orc priest calls down the wrath of Beogh upon you.
You barely resist.
You hit the orc priest but do no damage.
The orc priest is heavily wounded.
The orc priest mumbles some strange prayers to Beogh against you.
Pain shoots through your body!
* * * LOW HITPOINT WARNING * * *
Read which item? (? for menu, Esc to quit)
Okay, then.
Drink which item? (? for menu, Esc to quit)
It was a potion of cancellation.
You feel magically purged.
The orc priest mumbles some strange prayers to Beogh against you.
Pain shoots through your body!
You die... .(.# #..# #(.# (.# os.

##+## #{# ##...##
#o# ##.....## ###@#
#.).....## ##.#.###
.......<)####......#
.........'..)..^...#
.........####...####
#.......## #..##
##.....## #.##
##...## #.# ##+##
#.#


You could see an orc priest, an orc and a giant cockroach.

Vanquished Creatures
  Jessica (D:2)
  5 adders (D:2)
  An ooze (D:2)
  2 worms
  5 giant geckos
  5 orcs (D:3)
  2 ball pythons
  A giant cockroach (D:1)
  8 goblins
  8 hobgoblins
  2 jackals (D:2)
  7 kobolds
  A quokka (D:1)
  2 bats
  2 giant newts (D:2)
  13 rats
65 creatures vanquished.

Notes
Turn   | Place    | Note
--------------------------------------------------------------
     0 | D:1      | mrath the Centaur Hunter began the quest for the Orb.
     0 | D:1      | Reached XP level 1. HP: 17/17 MP: 1/1
    45 | D:1      | Reached XP level 2. HP: 15/24 MP: 2/2
    48 | D:1      | Reached skill level 6 in Bows
   766 | D:1      | Reached XP level 3. HP: 29/29 MP: 3/3
  1121 | D:2      | Reached XP level 4. HP: 32/36 MP: 4/4
  1140 | D:2      | Found a radiant altar of Vehumet.
  1170 | D:2      | Found a shadowy altar of Dithmenos.
  1428 | D:2      | Noticed Jessica
  1429 | D:2      | Killed Jessica
  1429 | D:2      | Reached skill level 7 in Bows
  1849 | D:3      | Reached XP level 5. HP: 41/41 MP: 6/6
  1968 | D:3      | Found a glowing golden altar of the Shining One.
  2260 | D:3      | Found a shattered altar of Ashenzari.
  2430 | D:3      | Killed from afar by an orc priest

Vault maps used:
D:1:      erik_arrival_orb_chamber
D:2:      lemuel_crystal_altar, nicolae_dithmenos_through_a_glass_darkly,
          uniq_jessica
D:3:      overflow_temple_1_default, zin_purify, overflow_temple_1_default,
          tso_metal_star

Action                   |  1- 3 |  4- 6 || total
-------------------------+-------+-------++-------
Melee: Short sword       |    65 |    79 ||   144
 Fire: Shortbow          |    70 |    46 ||   116
Throw: Stone             |       |     7 ||     7
  Use: Scroll            |     3 |     7 ||    10
       Potion            |       |     1 ||     1
  Eat: Chunk             |       |     3 ||     3
